TOP OF THE 1ST |
Chicago (NYP) White Sox batting - Pitching for Idaho Falls Chukars : RHP Joey Ferguson
|
Pitching: RHP Joey Ferguson
|
|
Batting: RHB Rafael Medina
|
0-0: Ball 1-0: Called Strike 1-1: Ball 2-1: Foul Ball, location: 2F 2-2: Foul Ball, location: 2F 2-2: Ball 3-2: Base on Balls
|
Batting: SHB Danny Gallegos
|
0-0: Ball Wild Pitch! Rafael Medina to second 1-0: Called Strike 1-1: Ball 2-1: Ball 3-1: DOUBLE (Flyball, 89D, EV 113.8 MPH) Rafael Medina scores
|
Batting: LHB Anthony Mosley
|
0-0: Called Strike 0-1: Called Strike 0-2: Strikes out swinging
|
Batting: RHB Jeremy Lewis
|
0-0: Ball Danny Gallegos steals 3rd base 1-0: SINGLE (Groundball, 5S, EV 66.9 MPH) (infield hit) Danny Gallegos scores
|
Batting: RHB Bobby Heagle
|
0-0: Ball 1-0: Foul Ball, location: 2F 1-1: Swinging Strike 1-2: Ball 2-2: Fly out, F9 (Flyball, 9, EV 85.0 MPH)
|
Batting: RHB Sean Peake
|
0-0: Called Strike Jeremy Lewis steals 2nd base 0-1: Called Strike 0-2: Ball 1-2: Foul Ball, location: 2F 1-2: Foul Ball, location: 2F 1-2: Ball 2-2: Foul Ball, location: 2F 2-2: Ball Wild Pitch! Jeremy Lewis to third 3-2: Foul Ball, location: 2F 3-2: Ground out 6-3 (Groundball, 6, EV 85.0 MPH)
|
Top of the 1st over - 2 runs, 2 hits, 0 errors, 1 left on base; Chicago (NYP) 2 - Idaho Falls 0 |
BOTTOM OF THE 1ST |
Idaho Falls Chukars batting - Pitching for Chicago (NYP) White Sox : LHP Jake Richards
|
Pitching: LHP Jake Richards
|
|
Batting: RHB Shura Mogilny
|
0-0: Ball 1-0: Called Strike 1-1: Ball 2-1: Foul Ball, location: 2F 2-2: Ball 3-2: Foul Ball, location: 2F 3-2: Base on Balls
|
Batting: SHB Alex Cavazos
|
0-0: Called Strike 0-1: Swinging Strike 0-2: Ball 1-2: SINGLE (Line Drive, 9S, EV 88.8 MPH) Shura Mogilny to second Runner from 2nd tries for 3rd, SAFE, throw by RF made to third
|
Batting: RHB Hugo Chavez
|
0-0: Swinging Strike 0-1: Ball 1-1: Swinging Strike 1-2: Strikes out swinging
|
Batting: RHB Masakuni Takeuchi
|
0-0: Called Strike 0-1: Grounds into double play, 5-4-3 (Groundball, 56, EV 101.9 MPH)
|
Bottom of the 1st over - 0 runs, 1 hit, 0 errors, 1 left on base; Chicago (NYP) 2 - Idaho Falls 0 |
TOP OF THE 2ND |
Chicago (NYP) White Sox batting - Pitching for Idaho Falls Chukars : RHP Joey Ferguson
|
Batting: RHB Yorkis Saiki
|
0-0: Ball 1-0: Ball 2-0: Called Strike 2-1: Ground out 6-3 (Groundball, 6, EV 89.4 MPH)
|
Batting: SHB Manny Berrones
|
0-0: Called Strike 0-1: Ball 1-1: Ball 2-1: Foul Ball, location: 2F 2-2: Strikes out swinging, 2-3 out at first.
|
Batting: RHB Ighlas Mwara
|
0-0: Foul Ball, location: 2F 0-1: Ball 1-1: Ball 2-1: Ball 3-1: Base on Balls
|
Batting: RHB Rafael Medina
|
0-0: Ball Ighlas Mwara steals 2nd base 1-0: Ball 2-0: Ball 3-0: Called Strike 3-1: Foul Ball, location: 2F 3-2: Fly out, F8 (Line Drive, 8RD, EV 91.2 MPH)
|
Top of the 2nd over - 0 runs, 0 hits, 0 errors, 1 left on base; Chicago (NYP) 2 - Idaho Falls 0 |
BOTTOM OF THE 2ND |
Idaho Falls Chukars batting - Pitching for Chicago (NYP) White Sox : LHP Jake Richards
|
Batting: RHB Bill Cranton
|
0-0: Ball 1-0: Ground out 3-1 (Groundball, 34, EV 80.6 MPH)
|
Batting: LHB Vicente Hernandez
|
0-0: Called Strike 0-1: Foul Ball, location: 2F 0-2: Foul Ball, location: 2F 0-2: Fly out, F8 (Flyball, 8LM, EV 87.5 MPH)
|
Batting: RHB Jason Conner
|
0-0: Ball 1-0: Ball 2-0: Ball 3-0: Called Strike 3-1: Swinging Strike 3-2: Ground out U3 (Groundball, 34, EV 102.5 MPH)
|
Bottom of the 2nd over - 0 runs, 0 hits, 0 errors, 0 left on base; Chicago (NYP) 2 - Idaho Falls 0 |
TOP OF THE 3RD |
Chicago (NYP) White Sox batting - Pitching for Idaho Falls Chukars : RHP Joey Ferguson
|
Batting: SHB Danny Gallegos
|
0-0: Ball 1-0: Ball 2-0: DOUBLE (Line Drive, 89D, EV 114.4 MPH)
|
Batting: LHB Anthony Mosley
|
0-0: Ball 1-0: Ball 2-0: Foul Ball, location: 2F 2-1: Ball 3-1: Base on Balls
|
Batting: RHB Jeremy Lewis
|
0-0: Ball 1-0: Ball 2-0: Ball 3-0: Called Strike 3-1: Base on Balls Danny Gallegos to third Anthony Mosley to second
|
Batting: RHB Bobby Heagle
|
0-0: Ball 1-0: Ball 2-0: Reached on error, E6 (Groundball, 6, EV 100.0 MPH) Danny Gallegos scores Anthony Mosley to third Jeremy Lewis to second
|
Batting: RHB Sean Peake
|
0-0: Ball 1-0: Called Strike 1-1: Ball 2-1: Ball 3-1: Foul Ball, location: 2F 3-2: SINGLE (Groundball, 6MD, EV 96.2 MPH) Anthony Mosley scores Jeremy Lewis to third Bobby Heagle to second
|
Batting: RHB Yorkis Saiki
|
0-0: Ball 1-0: Foul Ball, location: 2F 1-1: Called Strike 1-2: Foul Ball, location: 2F 1-2: Foul Ball, location: 2F 1-2: Fielders Choice at 2nd, 5-4 (Groundball, 56, EV 85.0 MPH) Jeremy Lewis scores Bobby Heagle to third
|
Pitching: RHP Victor Maravilla
|
|
Batting: SHB Manny Berrones
|
0-0: SINGLE (Flyball, 34D, EV 91.2 MPH) Bobby Heagle scores Yorkis Saiki to second
|
Batting: RHB Ighlas Mwara
|
0-0: SINGLE (Line Drive, 7S, EV 93.1 MPH) Yorkis Saiki to third Manny Berrones to second
|
Batting: RHB Rafael Medina
|
0-0: Fly out, F4 (Line Drive, 4, EV 75.6 MPH) Lined into DP, 4-6 (Line Drive, 4, EV 68.8 MPH)
|
Top of the 3rd over - 4 runs, 4 hits, 1 error, 2 left on base; Chicago (NYP) 6 - Idaho Falls 0 |
BOTTOM OF THE 3RD |
Idaho Falls Chukars batting - Pitching for Chicago (NYP) White Sox : LHP Jake Richards
|
Batting: RHB Dermott Ayliffe
|
0-0: Ball 1-0: Called Strike 1-1: SINGLE (Groundball, 6MD, EV 98.1 MPH)
|
Batting: RHB Matt Weddle
|
0-0: Ball 1-0: Ball 2-0: Called Strike 2-1: Ball 3-1: Called Strike 3-2: Strikes out looking
|
Batting: RHB Shura Mogilny
|
0-0: Swinging Strike 0-1: Swinging Strike 0-2: Ball 1-2: Foul Ball, location: 2F 1-2: Strikes out swinging
|
Batting: SHB Alex Cavazos
|
0-0: Called Strike 0-1: Swinging Strike 0-2: Strikes out swinging
|
Bottom of the 3rd over - 0 runs, 1 hit, 0 errors, 1 left on base; Chicago (NYP) 6 - Idaho Falls 0 |
TOP OF THE 4TH |
Chicago (NYP) White Sox batting - Pitching for Idaho Falls Chukars : RHP Victor Maravilla
|
Batting: SHB Danny Gallegos
|
0-0: Swinging Strike 0-1: Foul Ball, location: 2F 0-2: Ball 1-2: Strikes out swinging
|
Batting: LHB Anthony Mosley
|
0-0: Ground out 2-3 (Groundball, 2L, EV 68.1 MPH)
|
Batting: RHB Jeremy Lewis
|
0-0: Called Strike 0-1: Ball 1-1: Foul Ball, location: 2F 1-2: Ball 2-2: Fly out, F7 (Flyball, 78S, EV 96.9 MPH)
|
Top of the 4th over - 0 runs, 0 hits, 0 errors, 0 left on base; Chicago (NYP) 6 - Idaho Falls 0 |
BOTTOM OF THE 4TH |
Idaho Falls Chukars batting - Pitching for Chicago (NYP) White Sox : LHP Jake Richards
|
Batting: RHB Hugo Chavez
|
0-0: Ball 1-0: Swinging Strike 1-1: Fly out, F9 (Flyball, 89M, EV 98.1 MPH)
|
Batting: RHB Masakuni Takeuchi
|
0-0: Swinging Strike 0-1: Ball 1-1: Swinging Strike 1-2: Strikes out swinging
|
Batting: RHB Bill Cranton
|
0-0: Ball 1-0: Called Strike 1-1: Ball 2-1: Ball 3-1: Foul Ball, location: 2F 3-2: Strikes out looking
|
Bottom of the 4th over - 0 runs, 0 hits, 0 errors, 0 left on base; Chicago (NYP) 6 - Idaho Falls 0 |
TOP OF THE 5TH |
Chicago (NYP) White Sox batting - Pitching for Idaho Falls Chukars : RHP Victor Maravilla
|
Batting: RHB Bobby Heagle
|
0-0: Called Strike 0-1: Swinging Strike 0-2: Ball 1-2: Strikes out swinging
|
Batting: RHB Sean Peake
|
0-0: Ground out 3-1 (Groundball, 34S, EV 83.8 MPH)
|
Batting: RHB Yorkis Saiki
|
0-0: Called Strike 0-1: Called Strike 0-2: Ball 1-2: Ball 2-2: Ball 3-2: Base on Balls
|
Batting: SHB Manny Berrones
|
0-0: Fly out, F8 (Flyball, 8LXD, EV 93.8 MPH)
|
Top of the 5th over - 0 runs, 0 hits, 0 errors, 1 left on base; Chicago (NYP) 6 - Idaho Falls 0 |
BOTTOM OF THE 5TH |
Idaho Falls Chukars batting - Pitching for Chicago (NYP) White Sox : LHP Jake Richards
|
Batting: LHB Vicente Hernandez
|
0-0: Called Strike 0-1: Called Strike 0-2: Ball 1-2: Ball 2-2: Strikes out swinging, 2-3 out at first.
|
Batting: RHB Jason Conner
|
0-0: Ball 1-0: Ground out 4-3 (Groundball, 4, EV 87.5 MPH)
|
Batting: RHB Dermott Ayliffe
|
0-0: Called Strike 0-1: Foul Ball, location: 2F 0-2: Foul Ball, location: 2F 0-2: Strikes out swinging
|
Bottom of the 5th over - 0 runs, 0 hits, 0 errors, 0 left on base; Chicago (NYP) 6 - Idaho Falls 0 |
TOP OF THE 6TH |
Chicago (NYP) White Sox batting - Pitching for Idaho Falls Chukars : RHP Victor Maravilla
|
Batting: RHB Ighlas Mwara
|
0-0: Called Strike 0-1: Foul Ball, location: 2F 0-2: Strikes out looking
|
Batting: RHB Rafael Medina
|
0-0: Called Strike 0-1: Ground out 6-3 (Groundball, 6, EV 96.2 MPH)
|
Batting: SHB Danny Gallegos
|
0-0: Ball 1-0: Ball 2-0: Ball 3-0: Base on Balls
|
Batting: LHB Anthony Mosley
|
0-0: Ball 1-0: Ball 2-0: Ground out U3 (Groundball, 3, EV 85.0 MPH)
|
Top of the 6th over - 0 runs, 0 hits, 0 errors, 1 left on base; Chicago (NYP) 6 - Idaho Falls 0 |
BOTTOM OF THE 6TH |
Idaho Falls Chukars batting - Pitching for Chicago (NYP) White Sox : LHP Jake Richards
|
Batting: RHB Matt Weddle
|
0-0: Foul Ball, location: 2F 0-1: Foul Ball, location: 2F 0-2: Ball 1-2: Foul Ball, location: 2F 1-2: Strikes out swinging
|
Batting: RHB Shura Mogilny
|
0-0: Ball 1-0: Called Strike 1-1: Ball 2-1: Foul Ball, location: 2F 2-2: Foul Ball, location: 2F 2-2: Ball 3-2: Foul Ball, location: 2F 3-2: SINGLE (Flyball, 78S, EV 85.0 MPH)
|
Batting: SHB Alex Cavazos
|
0-0: Called Strike 0-1: Called Strike Shura Mogilny is caught stealing 2nd base 2-4 0-2: Ball 1-2: Ball 2-2: Foul Ball, location: 2F 2-2: SINGLE (Groundball, 56D, EV 106.2 MPH)
|
Batting: RHB Hugo Chavez
|
0-0: Called Strike 0-1: Ball 1-1: Ball 2-1: Called Strike 2-2: Ball 3-2: Fly out, F8 (Flyball, 89M, EV 76.9 MPH)
|
Bottom of the 6th over - 0 runs, 2 hits, 0 errors, 1 left on base; Chicago (NYP) 6 - Idaho Falls 0 |
TOP OF THE 7TH |
Chicago (NYP) White Sox batting - Pitching for Idaho Falls Chukars : RHP Victor Maravilla
|
Pitching: LHP Tristan Irwin
|
|
Batting: RHB Jeremy Lewis
|
0-0: Foul Ball, location: 2F 0-1: Ball 1-1: Called Strike 1-2: Strikes out swinging
|
Batting: RHB Bobby Heagle
|
0-0: Ball 1-0: Foul Ball, location: 2F 1-1: DOUBLE (Line Drive, 9LD, EV 103.8 MPH)
|
Batting: RHB Sean Peake
|
0-0: Called Strike 0-1: Called Strike 0-2: Ball 1-2: Strikes out swinging
|
Batting: RHB Yorkis Saiki
|
0-0: Called Strike 0-1: Foul Ball, location: 2F 0-2: Ball 1-2: Ball 2-2: Foul Ball, location: 2F 2-2: Foul Ball, location: 2F 2-2: Fly out, F8 (Flyball, 8LD, EV 89.4 MPH)
|
Top of the 7th over - 0 runs, 1 hit, 0 errors, 1 left on base; Chicago (NYP) 6 - Idaho Falls 0 |
BOTTOM OF THE 7TH |
Idaho Falls Chukars batting - Pitching for Chicago (NYP) White Sox : LHP Jake Richards
|
Pitching: RHP Mason Broderick
|
|
Batting: RHB Masakuni Takeuchi
|
0-0: Fly out, F9 (Flyball, 9LM, EV 85.0 MPH)
|
Batting: RHB Bill Cranton
|
0-0: Ball 1-0: Called Strike 1-1: Called Strike 1-2: Ground out 5-3 (Groundball, 56S, EV 91.9 MPH)
|
Batting: LHB Vicente Hernandez
|
0-0: Swinging Strike 0-1: Called Strike 0-2: Ball 1-2: Strikes out looking
|
Bottom of the 7th over - 0 runs, 0 hits, 0 errors, 0 left on base; Chicago (NYP) 6 - Idaho Falls 0 |
TOP OF THE 8TH |
Chicago (NYP) White Sox batting - Pitching for Idaho Falls Chukars : LHP Tristan Irwin
|
Batting: SHB Manny Berrones
|
0-0: Called Strike 0-1: Foul Ball, location: 2F 0-2: Ball 1-2: Ball 2-2: Ball 3-2: Strikes out swinging
|
Batting: RHB Ighlas Mwara
|
0-0: Ball 1-0: Called Strike 1-1: Ball 2-1: Swinging Strike 2-2: Strikes out swinging
|
Batting: RHB Rafael Medina
|
0-0: Ball 1-0: Foul Ball, location: 2F 1-1: Swinging Strike 1-2: Ball 2-2: Ball 3-2: Base on Balls
|
Batting: SHB Danny Gallegos
|
0-0: Ball 1-0: SINGLE (Flyball, 89S, EV 87.5 MPH) Rafael Medina to second Runner from 2nd tries for 3rd, SAFE, throw by RF made to third
|
Batting: LHB Anthony Mosley
|
0-0: Ball 1-0: Ball 2-0: Ball Wild Pitch! Rafael Medina scores Danny Gallegos to second 3-0: Foul Ball, location: 2F 3-1: Swinging Strike 3-2: Fly out, F8 (Line Drive, 8LM, EV 97.5 MPH)
|
Top of the 8th over - 1 run, 1 hit, 0 errors, 1 left on base; Chicago (NYP) 7 - Idaho Falls 0 |
BOTTOM OF THE 8TH |
Idaho Falls Chukars batting - Pitching for Chicago (NYP) White Sox : RHP Mason Broderick
|
Batting: RHB Jason Conner
|
0-0: Called Strike 0-1: Ball 1-1: Foul Ball, location: 2F 1-2: Strikes out swinging
|
Batting: RHB Dermott Ayliffe
|
0-0: Called Strike 0-1: SINGLE (Groundball, 4MD, EV 104.4 MPH)
|
Pinch Hitting: SHB Adrian Orosco
|
0-0: Ball 1-0: Called Strike 1-1: Foul Ball, location: 2F 1-2: Fly out, F7 (Line Drive, 78M, EV 93.8 MPH)
|
Batting: RHB Shura Mogilny
|
0-0: Called Strike 0-1: Foul Ball, location: 2F 0-2: Strikes out swinging
|
Bottom of the 8th over - 0 runs, 1 hit, 0 errors, 1 left on base; Chicago (NYP) 7 - Idaho Falls 0 |
TOP OF THE 9TH |
Chicago (NYP) White Sox batting - Pitching for Idaho Falls Chukars : LHP Tristan Irwin
|
Now in CF: Joe Gabriel
|
|
Now in RF: Shura Mogilny
|
|
Pinch Hitting: LHB Malik Boulay
|
0-0: Called Strike 0-1: Ball 1-1: SINGLE (Line Drive, 78M, EV 107.5 MPH)
|
Pinch Hitting: RHB Kasey Bland
|
0-0: Ball 1-0: Ball 2-0: Fly out, F8 (Flyball, 8LD, EV 104.4 MPH)
|
Pinch Hitting: RHB Jarno van Lente
|
0-0: Called Strike 0-1: Ball 1-1: Fly out, F7 (Flyball, 7D, EV 105.6 MPH)
|
Batting: RHB Yorkis Saiki
|
0-0: Called Strike 0-1: 2-RUN HOME RUN (Flyball, 78XD, EV 101.2 MPH), Distance : 410 ft
|
Batting: SHB Manny Berrones
|
0-0: Ball 1-0: Foul Ball, location: 2F 1-1: Called Strike 1-2: Foul Ball, location: 2F 1-2: Ground out 5-3 (Groundball, 56, EV 92.5 MPH)
|
Top of the 9th over - 2 runs, 2 hits, 0 errors, 0 left on base; Chicago (NYP) 9 - Idaho Falls 0 |
BOTTOM OF THE 9TH |
Idaho Falls Chukars batting - Pitching for Chicago (NYP) White Sox : RHP Mason Broderick
|
Now at 1B: Tyrell Camp
|
|
Now at 2B: Jarno van Lente
|
|
Now in CF: Ighlas Mwara
|
|
Now in RF: Malik Boulay
|
|
Batting: SHB Alex Cavazos
|
0-0: Called Strike 0-1: SINGLE (Groundball, 4MD, EV 109.4 MPH)
|
Batting: RHB Hugo Chavez
|
0-0: Ball 1-0: Called Strike 1-1: Called Strike 1-2: Ball 2-2: Foul Ball, location: 2F 2-2: Foul Ball, location: 2F 2-2: Strikes out swinging
|
Batting: RHB Masakuni Takeuchi
|
0-0: Grounds into double play, 5-4-3 (Groundball, 56S, EV 86.2 MPH)
|
Bottom of the 9th over - 0 runs, 1 hit, 0 errors, 0 left on base; Chicago (NYP) 9 - Idaho Falls 0 |
|